 Dungeon Crawl Stone Soup version 0.29.1-2-gbd0b4ee654 (webtiles) character file.

Game seed: 8207312118179647602

9 Ivernyr the Grasshopper (level 2, -3/26 HPs)
             Began as a Naga Warper on Oct 29, 2022.
             Frozen to death by an endoplasm (4 damage)
             ... on level 1 of the Dungeon.
             The game lasted 00:00:58 (356 turns).

Ivernyr the Grasshopper (Naga Warper)                Turns: 356, Time: 00:00:59

Health: -3/26      AC:  2    Str: 13    XL:     2   Next: 12%
Magic:  5/5        EV:  9    Int: 13    God:
Gold:   20         SH:  0    Dex: 10    Spells: 5/5 levels left

rFire   . . .      SeeInvis +   a - +0 mace
rCold   . . .      Faith    .   (no shield)
rNeg    . . .      Spirit   .   b - +0 leather armour
rPois   +          Reflect  .   (no helmet)
rElec   .          Harm     .   (no cloak)
rCorr   .          Rampage  .   (no gloves)
Will    .....                   (no barding)
Stlth   +.........              (no amulet)
HPRegen 0.08/turn               (no ring)
MPRegen 0.09/turn               (no ring)

@: short of breath, very slow
A: AC +0, large, see invisible, deformed body, poison resistance, slowness 2,
spit poison 1, naga tail 1
a: Spit Poison


You were on level 1 of the Dungeon.
You visited 1 branch of the dungeon, and saw 1 of its levels.

You collected 20 gold pieces.

Inventory:

Hand Weapons
 a - a +0 mace (weapon)
Missiles
 d - 7 boomerangs of dispersal (quivered)
Armour
 b - a +0 leather armour (worn)
Scrolls
 c - a scroll of blinking
Potions
 e - a potion of invisibility {unknown}


   Skills:
 + Level 2.1 Fighting
 - Level 2.0 Maces & Flails
 - Level 0.8 Throwing
 + Level 1.0 Armour
 - Level 1.5 Dodging
 + Level 2.1 Spellcasting
 * Level 3.2 Translocations


You had 5 spell levels left.
You didn't know any spells.
Your spell library contained the following spells:

 Spells                   Type           Power      Damage    Failure   Level
 Blink                    Tloc           18%        N/A       13%         2
 Gell's Gravitas          Tloc           9%         N/A       26%         3
 Lesser Beckoning         Tloc           9%         N/A       26%         3
 Teleport Other           Tloc           9%         N/A       26%         3
 Manifold Assault         Tloc           9%         N/A       93%         5


Dungeon Overview and Level Annotations

Branches:
Dungeon (1/15)

Altars:


Innate Abilities, Weirdness & Mutations

Your serpentine skin is tough. (AC +0)
You have supernaturally acute eyesight. (SInv)
Armour fits poorly on your strangely shaped body.
Your system is resistant to poisons. (rPois)
You cover ground very slowly.
You can spit poison.
You have a snake-like lower body.


Message History

Found a scroll labelled JANNIC DUME.
You have got your breath back.
The goblin barely misses you. The goblin barely misses you.
The goblin misses you. The giant cockroach bites you.
The goblin barely misses you. The giant cockroach misses you.
You hit the giant cockroach.
The giant cockroach is heavily wounded.
The goblin hits you with a +0 club. The giant cockroach bites you.
You hit the giant cockroach.
You kill the giant cockroach!
The goblin hits you with a +0 club.
An endoplasm comes into view.
The goblin hits you but does no damage.
Your Armour skill increases to level 1!
You have reached level 2!
The goblin hits you with a +0 club. The goblin attacks as you move away!
The goblin hits you with a +0 club. The goblin hits you with a +0 club.
* * * LOW HITPOINT WARNING * * *
Aiming: Spit Poison (2% risk of failure)
Press: ? - help, Shift-Dir - straight line, f/p - goblin
Aim: a goblin, wielding a +0 club (50% to hit)
The splash of poison hits the goblin!
The goblin is poisoned.
You kill the goblin!
You hit the endoplasm but do no damage. The endoplasm barely misses you.
Unknown command.
You hit the endoplasm but do no damage. The endoplasm freezes you.
You are frozen.
* * * LOW HITPOINT WARNING * * *
Unknown command.
You hit the endoplasm.
The endoplasm is heavily wounded.
The endoplasm freezes you.
You are frozen.
* * * LOW HITPOINT WARNING * * *
The endoplasm freezes you.
You are frozen.
You die...

### ..# #.#
#####.###
#.......
.####.#.#.#######
.[........†.....?
####.#J#########
#@#### #.†..#
####.# #.# #.#
#.### #...# ###.#
#.# ..#


You could see an endoplasm.

Vanquished Creatures
  A ball python (D:1)
  An endoplasm (D:1)
  2 giant cockroaches (D:1)
  A goblin (D:1)
  A kobold (D:1)
  A bat (D:1)
7 creatures vanquished.

Notes
Turn   | Place    | Note
-------+----------+-------------------------------------------
     0 | D:1      | Ivernyr the Naga Warper began the quest for the Orb.
     0 | D:1      | Reached XP level 1. HP: 19/19 MP: 3/3
   350 | D:1      | Reached skill level 1 in Armour
   350 | D:1      | Reached XP level 2. HP: 13/26 MP: 5/5
   356 | D:1      | HP: 1/26 [frozen (2)]
   356 | D:1      | Frozen to death by an endoplasm

Illustrated notes

Levels and vault maps discovered:
D:1:      minmay_arrival_semitransparent, layout_loops_ring

Skill      XL: |  1 |
---------------+----+-----
Armour         | 1 |  1.0
Fighting       | |  2.1
Maces & Flails | |  2.0
Throwing       | |  0.8
Dodging        | |  1.5
Spellcasting   | |  2.1
Translocations | |  3.2

Action                   || total
-------------------------++-------
Melee: Mace              ||    18
 Abil: Spit Poison       ||     8
Armor: Leather armour    ||     5
Dodge: Dodged            ||    16
